 Dungeon Crawl Stone Soup version 0.19.0-19-g8c6edcc (webtiles) character file.

1190 kuniqs the Skirmisher (level 8, -7/73 HPs)
             Began as a Yellow Draconian Artificer on Nov 14, 2016.
             Mangled by an orc warrior
             ... wielding a +0 trident
              (24 damage)
             ... on level 6 of the Dungeon.
             The game lasted 00:10:26 (6188 turns).

kuniqs the Skirmisher (Yellow Draconian Artificer)  Turns: 6188, Time: 00:10:27

Health: -7/73      AC:  6    Str: 15    XL:     8   Next: 19%
Magic:  10/10      EV: 15    Int: 14    God:
Gold:   221        SH:  0    Dex: 13    Spells: 0 memorised, 7 levels left

rFire  . . .     SeeInvis .     h - +2 whip (venom)
rCold  . . .     Gourm    .     (armour unavailable)
rNeg   . . .     Faith    .     (no shield)
rPois  .         Spirit   .     (helmet restricted)
rElec  .         Reflect  .     (no cloak)
rCorr  +         Harm     .     (no gloves)
MR     .....     Rnd*Tele +     (no boots)
Stlth  +++.......               n - amulet of regeneration
                                y - ring of stealth
                                o - ring of teleportation (curse)

@: short of breath
A: spit acid, acid resistance, unfitting armour, antennae 1, agile 1,
cold-blooded, AC +6
a: Spit Acid


You were on level 6 of the Dungeon.
You were hungry.

You visited 2 branches of the dungeon, and saw 8 of its levels.

You collected 221 gold pieces.

Inventory:

Hand Weapons
 h - a +2 whip of venom (weapon)
 u - a +3 flail of holy wrath
Jewellery
 i - an uncursed amulet of rage
 n - an amulet of regeneration (around neck)
 o - a cursed ring of teleportation (left hand)
 t - an uncursed ring of see invisible
 v - an uncursed amulet of the gourmand {unknown}
 y - a ring of stealth (right hand)
Wands
 b - a wand of flame (11/48)
 c - a wand of enslavement (11/24)
 d - a wand of random effects (15/48)
Scrolls
 g - a scroll of recharging
 l - 2 scrolls of fear
 A - 2 scrolls of teleportation
Potions
 e - a potion of curing {unknown}
 k - a potion of lignification
 r - a potion of brilliance {unknown}
 s - a potion of flight {unknown}
 w - a potion of cure mutation {unknown}
 x - a potion of haste {unknown}
 z - a potion of invisibility {unknown}
Comestibles
 f - 6 bread rations
 j - a beef jerky
 m - a royal jelly
 p - 4 meat rations
 q - 2 fruits


   Skills:
 + Level 7.4 Fighting
   Level 2.0 Short Blades
 + Level 6.4 Dodging
 - Level 0.8 Stealth
 - Level 3.0 Evocations


You had 7 spell levels left.
You didn't know any spells.

Dungeon Overview and Level Annotations

Branches:
Dungeon (7/15)             Temple (1/1) D:6

Altars:
Dithmenos
Elyvilon
Fedhas
Gozag
Hepliaklqana
Kikubaaqudgha
Makhleb
Nemelex Xobeh
Okawaru
Qazlal
Ru
Sif Muna
Trog
Uskayaw
Xom
Zin
Lugonu

Annotations:
D:3 Zorot's ghost, amateur MiBe
D:6 1 exclusion


Innate Abilities, Weirdness & Mutations

You can spit globs of acid.
You are resistant to acid.
Your golden yellow scales are hard. (AC +6)
You cannot fit into any form of body armour.
You are cold-blooded and may be slowed by cold attacks.
You have a pair of small antennae on your head.
You are agile. (Dex +2)


Message History

You spit a glob of acid.
The acid hits the orc warrior.
The orc warrior is splashed with acid.
You are feeling hungry.
The orc warrior is no longer covered in acid.
The orc warrior hits you from afar with a trident!
* * * LOW HITPOINT WARNING * * *
The orc warrior hits you from afar with a trident!
* * * LOW HITPOINT WARNING * * *
You feel much better.
You feel yourself speed up.
The orc warrior hits you from afar with a trident!
* * * LOW HITPOINT WARNING * * *
You have got your breath back.
Aim: an orc warrior, wielding a trident and wearing a chain mail (heavily wounded)
You spit a glob of acid.
The acid hits the orc warrior.
The orc warrior appears unharmed.
You feel somewhat more hungry. The orc warrior barely misses you.
Okay, then.
The orc warrior hits you with a trident!!
You die...

...)[(...# #.# ...##.#### #.#
#####)### ####.######
#......# #.........#
##.##(#.###########.##.##.#.#
##.##.............#.##.(..#.#
[#......(.........#.##.#..#.#
#.......#[).......#.##.#).#.#
#..######.......@.#.........#
#.########.....o..######.####
.###..............# #.# ##
#.######.....(.# #.# # #.#
##############.# #.#
#.....).#.# #.#########
#.#####.#.# #.##......#
#.......#.# #.##......#
#.##......#


You could see an orc warrior.

Vanquished Creatures
  Edmund (D:4)
  An ogre (D:5)
  A bullfrog (D:4)
  2 scorpions
  A crimson imp (D:5)
  A bullfrog zombie (D:5)
  A jelly (D:5)
  5 orc wizards (D:6)
  2 orc priests (D:6)
  3 hounds
  2 centaur skeletons (D:6)
  4 worker ants
  A worker ant zombie (D:4)
  Robin (D:4)
  12 adders
  An ooze (D:4)
  5 worms
  2 dart slugs
  4 leopard geckos
  10 orcs
  10 bats
  7 giant cockroaches
  15 goblins
  13 hobgoblins
  6 jackals
  A quokka (D:5)
  3 ball pythons
  6 frilled lizards
  8 kobolds
  A quokka zombie (D:6)
  9 rats
139 creatures vanquished.

Vanquished Creatures (others)
  A hobgoblin (D:1)
1 creature vanquished.

Grand Total: 140 creatures vanquished

Notes
Turn   | Place    | Note
-------+----------+-------------------------------------------
     0 | D:1      | kuniqs the Draconian Artificer began the quest for the Orb.
     0 | D:1      | Reached XP level 1. HP: 16/16 MP: 3/3
   164 | D:1      | Reached XP level 2. HP: 4/23 MP: 4/4
  1184 | D:1      | Reached XP level 3. HP: 26/28 MP: 5/5
  1690 | D:2      | Reached skill level 2 in Fighting
  1757 | D:2      | Found a faded altar of an unknown god.
  2037 | D:2      | Found a shadowy altar of Dithmenos.
  2166 | D:2      | Reached XP level 4. HP: 37/37 MP: 6/6
  2396 | D:3      | Found a shadowy altar of Dithmenos.
  2578 | D:3      | Found a sacrificial altar of Ru.
  2585 | D:3      | Reached skill level 3 in Fighting
  2736 | D:3      | Found a sparkling altar of Nemelex Xobeh.
  2808 | D:4      | Reached XP level 5. HP: 45/45 MP: 7/7
  3200 | D:3      | Noticed Zorot's ghost (amateur MiBe)
  3217 | D:3      | Gained mutation: You are agile. (Dex +2) [potion of beneficial mutation]
  3218 | D:3      | Gained mutation: You have a pair of small antennae on your head. [potion of beneficial mutation]
  3328 | D:5      | Entered Level 5 of the Dungeon
  3520 | D:4      | Reached skill level 4 in Fighting
  3537 | D:4      | Noticed Edmund
  3589 | D:4      | Killed Edmund
  3589 | D:4      | Reached XP level 6. HP: 35/55 MP: 8/8
  3624 | D:4      | Found a bloodstained altar of Trog.
  3685 | D:4      | Noticed Robin
  3715 | D:4      | Killed Robin
  3715 | D:4      | Reached skill level 5 in Fighting
  4240 | D:4      | Found an iron altar of Okawaru.
  4240 | D:4      | Found a faded altar of an unknown god.
  4245 | D:4      | Found an opulent altar of Gozag.
  4247 | D:4      | Found a white marble altar of Elyvilon.
  4248 | D:4      | Found a faded altar of an unknown god.
  4637 | D:5      | Your scales start taking on a golden yellow colour.
  4637 | D:5      | Reached XP level 7. HP: 31/61 MP: 9/9
  4639 | D:5      | Reached skill level 5 in Dodging
  4680 | D:5      | Reached skill level 6 in Fighting
  5277 | D:7      | Found a burning altar of Makhleb.
  5420 | D:6      | Noticed a hill giant
  5492 | D:6      | Reached skill level 7 in Fighting
  5492 | D:6      | Reached XP level 8. HP: 66/73 MP: 10/10
  5891 | D:6      | Found a staircase to the Ecumenical Temple.
  5912 | Temple   | Entered the Ecumenical Temple
  6176 | D:6      | HP: 1/73 [orc warrior/trident (11)]
  6188 | D:6      | Mangled by an orc warrior

Skill      XL: |  1  2  3  4  5  6  7 |
---------------+----------------------+-----
Dodging        | 2 3 4 6 |  6.4
Short Blades   | 2 |  2.0
Fighting       | 2 3 4 5 7 |  7.4
Stealth        | |  0.8
Evocations     | |  3.0

Action                   |  1- 3 |  4- 6 |  7- 9 || total
-------------------------+-------+-------+-------++-------
Melee: Short sword       |   105 |       |       ||   105
       Tailslap          |    22 |    39 |    25 ||    86
       Dagger            |    62 |   227 |    83 ||   372
       Whip              |       |       |    83 ||    83
 Abil: Spit Acid         |       |       |     8 ||     8
Evoke: Wand              |     8 |       |       ||     8
  Use: Scroll            |     2 |     6 |     1 ||     9
       Potion            |       |     2 |     1 ||     3
 Stab: Sleeping          |     3 |     6 |     5 ||    14
  Eat: Chunk             |     4 |     8 |     6 ||    18
Armor: Skin              |    76 |    56 |    40 ||   172
Dodge: Dodged            |   161 |   172 |   105 ||   438
